 Dungeon Crawl Stone Soup version 0.20-a0-1124-g2e29d97 (webtiles) character file.

386 Naow the Firebug (level 6, -3/36 HPs)
             Began as an Octopode Fire Elementalist on May 16, 2017.
             Slain by a sky beast (5 damage)
             ... on level 4 of the Dungeon.
             The game lasted 00:07:04 (5774 turns).

Naow the Firebug (Octopode Fire Elementalist)       Turns: 5774, Time: 00:07:04

Health: -3/36      AC:  1    Str:  7    XL:     6   Next: 78%
Magic:  11/20      EV: 13    Int: 20    God:
Gold:   153        SH:  0    Dex: 12    Spells: 3/12 levels left

rFire    . . .     SeeInvis .   d - +0 dagger
rCold    . . .     Gourm    .   (no shield)
rNeg     . . .     Faith    .   (helmet restricted)
rPois    .         Spirit   .   (no amulet)
rElec    .         Reflect  .   c - ring of flight
rCorr    .         Harm     .   k - ring of magical power
MR       .....                  (no ring)
Stlth    +++.......             (no ring)
Regen    0.2/turn               (no ring)
MPRegen  0.2/turn               (no ring)
                                (no ring)
                                (no ring)

@: no status effects
A: almost no armour, stealthy swim, amphibious, 8 rings, constrict 8, camouflage
1, gelatinous body 1
a: Evoke Flight


You were on level 4 of the Dungeon.
You were not hungry.

You visited 1 branch of the dungeon, and saw 4 of its levels.

You collected 153 gold pieces.

Inventory:

Hand Weapons
 d - a +0 dagger (weapon)
Jewellery
 c - a ring of flight (left tentacle)
 k - a ring of magical power (right tentacle)
Scrolls
 e - a scroll of remove curse
 g - 4 scrolls of teleportation
 m - a scroll of identify
Potions
 f - 2 potions of haste {unknown}
 h - 4 potions of heal wounds
 i - 4 potions of curing {unknown}
 q - a potion of lignification {unknown}
Books
 a - a book of Flames

   Spells                             Type                      Level
   a - Flame Tongue                   Conjuration/Fire             1
   b - Throw Flame                    Conjuration/Fire             2
   c - Conjure Flame                  Conjuration/Fire             3
   d - Inner Flame                    Hexes/Fire                   3
   e - Sticky Flame                   Conjuration/Fire             4
   f - Fireball                       Conjuration/Fire             5
Comestibles
 b - 3 bread rations
 j - 3 chunks of flesh
 l - 2 meat rations
 o - 7 fruits
 p - a royal jelly


   Skills:
 - Level 2.0 Dodging
 - Level 2.6 Stealth
 + Level 3.6 Spellcasting
 + Level 4.1 Conjurations
 + Level 5.0 Fire Magic


You had 3 spell levels left.
You knew the following spells:

 Your Spells              Type           Power        Failure   Level  Hunger
a - Flame Tongue          Conj/Fire      ###..        1%          1    None
b - Throw Flame           Conj/Fire      ###...       3%          2    ##.....
c - Conjure Flame         Conj/Fire      ###.....     6%          3    ###....
d - Inner Flame           Hex/Fire       ##......     14%         3    ###....


Dungeon Overview and Level Annotations

Branches:
Dungeon (4/15)
 Temple: D:4-7

Altars:
Kikubaaqudgha

Annotations:
D:2 Robin
D:4 Eustachio; yrara's ghost, novice DsFi


Innate Abilities, Weirdness & Mutations

You cannot wear most types of armour.
You are very stealthy in the water. (Stealth+)
You are amphibious.
You can wear up to eight rings at the same time.
You can use your tentacles to constrict eight enemies at once.
Your skin changes colour to match your surroundings (Stealth+).
Your rubbery body absorbs attacks. (AC +1, EV +1)


Message History

* * * LOW HITPOINT WARNING * * *
The sky beast shocks you.
* * * LOW HITPOINT WARNING * * *
Casting: Flame Tongue
Confirm with . or Enter, or press ? or * to list all spells.
Aiming: Flame Tongue
Press: ? - help, Shift-Dir - straight line, f/p - sky beast
Aim: a sky beast (almost dead)
The flame tongue misses the sky beast.
The sky beast misses you.
Casting: Flame Tongue
Confirm with . or Enter, or press ? or * to list all spells.
Aiming: Flame Tongue
Press: ? - help, Shift-Dir - straight line, f/p - sky beast
Aim: a sky beast (almost dead)
The flame tongue hits the sky beast.
The sky beast appears unharmed.
The sky beast is almost dead.
The sky beast hits you.
* * * LOW HITPOINT WARNING * * *
The sky beast shocks you.
You die...

..# #.# ............##### .## #.#
##..#....[......(.... ..## ..#
##...#............<...
#..###....##.................####
#.............................###
#...# ....................###...#
...# ....................# #..#..
...# . .?.............# ##.####
รท..#... ......Y@.....##.##.##
.......# .............# #...##
...#..#. ............## #....## #
........ ...........## #.##..###
........ ..........#.# #.####..#.
..>..... .........##.##...####...
........ ........###.............
........ #...####...###.....###..
......... ### ##..# #....# #..


You could see a sky beast.

Vanquished Creatures
  2 orc priests (D:4)
  2 orc wizards (D:4)
  A gnoll shaman (D:4)
  A worker ant (D:4)
  6 gnolls
  5 adders
  An ooze (D:4)
  An adder skeleton (D:4)
  A worm (D:3)
  3 dart slugs
  5 leopard geckos
  13 orcs
  11 bats
  5 giant cockroaches
  12 goblins
  9 hobgoblins
  A ball python (D:2)
  4 frilled lizards
  4 kobolds
  10 rats
97 creatures vanquished.

Notes
Turn   | Place    | Note
-------+----------+-------------------------------------------
     0 | D:1      | Naow the Octopode Fire Elementalist began the quest for the Orb.
     0 | D:1      | Reached XP level 1. HP: 11/11 MP: 3/3
   157 | D:1      | Reached XP level 2. HP: 13/17 MP: 3/5
   950 | D:1      | Reached XP level 3. HP: 17/21 MP: 0/6
  1612 | D:2      | Found an ancient bone altar of Kikubaaqudgha.
  1612 | D:2      | Noticed Robin
  1642 | D:2      | Reached XP level 4. HP: 15/27 MP: 2/7
  2910 | D:3      | Reached skill level 4 in Fire Magic
  3625 | D:3      | Learned a level 2 spell: Throw Flame
  3629 | D:3      | Learned a level 3 spell: Conjure Flame
  3634 | D:3      | Reached XP level 5. HP: 27/31 MP: 9/9
  4266 | D:4      | Noticed Eustachio
  4272 | D:4      | Learned a level 3 spell: Inner Flame
  4503 | D:4      | Noticed yrara's ghost (novice DsFi)
  4964 | D:4      | Reached XP level 6. HP: 14/36 MP: 4/10
  5657 | D:4      | Reached skill level 5 in Fire Magic
  5761 | D:4      | Noticed a sky beast
  5774 | D:4      | Slain by a sky beast

Vault maps used:
D:1:      dpeg_cavernosity, st_stairs_14, minmay_tromino_i2
D:2:      lemuel_round_altar, uniq_robin
D:3:      supply_closet_lemuel
D:4:      first_bread, uniq_eustachio

Skill      XL: |  1  2  3  4  5  6 |
---------------+-------------------+-----
Conjurations   | 2 3 4 |  4.1
Fire Magic     | 4 5 |  5.0
Spellcasting   | 3 |  3.6
Dodging        | |  2.0
Stealth        | |  2.6

Action                   |  1- 3 |  4- 6 || total
-------------------------+-------+-------++-------
Melee: Dagger            |    16 |    17 ||    33
       Constrict         |     6 |     5 ||    11
       Tentacles         |     1 |     4 ||     5
 Cast: Flame Tongue      |    48 |   146 ||   194
       Throw Flame       |       |    17 ||    17
       Conjure Flame     |       |     1 ||     1
  Use: Scroll            |       |     4 ||     4
 Stab: Sleeping          |       |     1 ||     1
  Eat: Chunk             |     3 |    13 ||    16
Armor: Skin              |     1 |     3 ||     4
Dodge: Dodged            |    24 |    40 ||    64
